Map: Kairos Junction LE

Players

HoneyBadger

  • Race: Protoss Protoss
  • League: Diamond
  • Spawn Location: 11:00

MegroN - Winner!

  • Race: Terran Terran
  • League: Diamond
  • Spawn Location: 5:00

VOD

Have the link to the VOD?

Description

Time

  • Played on: June 21, 2019, 10:29 a.m.
  • Length: 13:40
Show
View Real Time Build Order
Export as new Build Order

HoneyBadger Protoss 

Build Orders: Nexus First 

Get SALT Encoding   

  12  0:01  Probe  
  13  0:13  Probe  
  14  0:17  Pylon  
  14  0:25  Probe  
  15  0:37  Probe  
  16  0:52  Probe  
  17  1:03  Nexus  
  17  1:07  Probe  
  18  1:15  Assimilator  
  18  1:19  Probe  
  19  1:31  Probe  
  20  1:49  Nexus  
  20  1:55  Pylon  
  20  2:08  Probe  
  20  2:11  Gateway  
  21  2:16  Probe  
  21  2:19  Assimilator  
  22  2:25  Probe  
  22  2:26  Probe  
  23  2:33  Probe  
  23  2:38  Probe  
  23  2:43  Probe  
  25  2:51  Probe  
  27  2:55  Probe  
  28  3:00  Cybernetics Core  
  28  3:03  Probe  
  29  3:06  Probe  
  29  3:07  Probe  
  29  3:08  Pylon  
  31  3:14  Probe  
  31  3:15  Probe  
  31  3:19  Probe  
  34  3:30  Probe  
  34  3:31  Probe  
  34  3:32  Probe  
  37  3:36  Stalker, Gateway  
  37  3:42  Probe  
  37  3:43  Probe  
  37  3:44  Probe  
  37  3:47  Warp Gate  
  42  3:53  Gateway  
  42  3:54  Probe  
  42  3:55  Probe  
  44  3:59  Stalker  
  44  4:02  Gateway  
  40  4:25  Stalker  
  35  4:32  Stalker x2  
  31  5:02  Stalker x2  
  33  5:19  Stalker  
  33  5:20  Stalker  
  35  5:22  Probe  
  36  5:32  Stalker x2  
  40  5:49  Stalker  
  42  5:50  Stalker  
  40  6:02  Stalker  
  42  6:15  Stalker  
  44  6:32  Stalker x2  
  44  6:44  Stalker  
  46  6:52  Pylon  
  46  6:54  Pylon  
  46  6:55  Gateway  
  46  7:10  Probe x2  
  46  7:23  Probe x2  
  48  7:32  Probe  
  48  7:33  Stalker x3  
  48  7:35  Probe  
  56  7:40  Probe  
  57  7:47  Probe  
  57  7:49  Probe  
  59  7:59  Probe  
  59  8:01  Probe  
  61  8:11  Probe  
  62  8:17  Pylon  
  62  8:19  Pylon  
  62  8:25  Probe x2  
  62  8:33  Nexus  
  62  8:34  Stalker  
  62  8:37  Probe  
  62  8:39  Stalker  
  62  8:40  Stalker x2  
  67  8:58  Stalker  
  63  9:21  Stalker x2  
  63  9:22  Stalker x2  
  66  9:35  Probe  
  66  9:36  Probe  
  68  9:39  Pylon  
  68  9:43  Shield Battery  
  68  9:45  Shield Battery  
  68  9:47  Probe  
  68  9:50  Stalker x3  
  60  10:22  Stalker  
  60  10:23  Stalker x3  
  53  10:54  Stalker x2  
  55  11:13  Stalker  
  52  11:54  Sentry  
Show
View Real Time Build Order
Export as new Build Order

MegroN Terran - Winner!

Build Orders:  

Get SALT Encoding   

  12  0:02  SCV  
  13  0:14  SCV  
  14  0:18  Supply Depot  
  14  0:26  SCV  
  15  0:39  SCV  
  15  0:41  Barracks  
  16  0:51  SCV  
  17  1:03  SCV  
  18  1:28  Command Center  
  18  1:29  Marine  
  19  1:40  Supply Depot  
  19  1:41  SCV  
  19  1:44  Bunker  
  20  1:47  Marine  
  21  2:05  Marine  
  22  2:13  Orbital Command, Barracks  
  22  2:23  Marine  
  23  2:32  Engineering Bay  
  23  2:40  SCV  
  23  2:41  Marine  
  25  2:45  Orbital Command  
  25  2:52  SCV  
  26  2:58  Marine  
  26  3:01  Marine  
  26  3:04  SCV  
  29  3:13  SCV  
  29  3:16  Marine, Missile Turret, SCV  
  29  3:19  Marine  
  33  3:24  Missile Turret  
  34  3:34  Marine, SCV x2  
  34  3:37  Marine  
  34  3:38  Barracks  
  34  3:40  Barracks  
  37  3:46  SCV  
  38  3:50  Bunker  
  38  3:52  Marine  
  38  3:55  Marine  
  40  3:58  Supply Depot, SCV  
  40  4:00  Barracks  
  41  4:21  Bunker  
  40  4:34  Marine  
  40  4:35  Marine x3  
  40  4:36  SCV x2  
  45  4:48  SCV  
  45  4:49  SCV  
  45  4:52  Marine x2  
  47  4:53  Marine x2  
  47  4:57  Marine  
  51  5:00  SCV  
  51  5:01  SCV  
  53  5:10  Marine x2  
  54  5:15  Marine  
  54  5:21  SCV  
  54  5:42  Command Center, Barracks  
  54  5:43  Barracks  
  54  5:44  Barracks  
  54  5:50  SCV  
  54  5:51  Marine  
  54  5:53  Marine  
  54  5:54  SCV  
  54  6:06  Marine  
  54  6:08  Marine  
  54  6:10  Marine  
  54  6:11  Marine  
  54  6:27  SCV  
  54  6:32  Marine  
  54  6:33  Marine  
  54  6:35  Marine  
  54  6:36  Marine x2  
  52  6:41  Marine x3  
  53  6:50  Marine  
  53  6:53  Marine x2, Barracks  
  53  6:54  Supply Depot, Marine x2, Barracks  
  57  6:55  Supply Depot, Barracks  
  57  6:56  Supply Depot  
  57  6:59  Marine x3  
  57  7:00  Supply Depot x2, Orbital Command  
  61  7:01  SCV x2  
  61  7:08  Marine  
  62  7:11  Marine x3  
  62  7:12  Marine  
  62  7:13  SCV  
  62  7:14  SCV  
  67  7:17  Marine x3  
  65  7:26  Marine  
  65  7:28  Marine x2  
  65  7:29  Marine  
  61  7:30  Marine  
  61  7:34  Marine  
  61  7:35  Marine x2  
  62  7:43  Marine  
  60  7:46  Marine x5  
  60  7:47  Marine  
  60  7:48  Marine  
  65  7:52  Marine x2  
  65  7:53  Marine  
  65  8:01  Marine  
  65  8:03  Marine  
  65  8:04  Marine x2  
  65  8:05  Marine x3  
  68  8:06  Marine  
  68  8:10  Marine x3  
  70  8:19  Marine  
  71  8:21  Marine  
  71  8:22  Marine x2  
  71  8:23  Marine x3  
  71  8:24  Marine  
  75  8:28  Marine x2  
  74  8:37  Marine  
  74  8:39  Marine  
  74  8:40  Marine x3  
  74  8:41  Marine x3  
  79  8:46  Marine  
  82  8:50  Command Center  
  82  8:55  Marine  
  82  8:57  Marine  
  82  8:58  Marine x3  
  82  8:59  Marine x2  
  77  9:26  Marine x4  
  77  9:27  Marine x3  
  83  9:41  Marine x2  
  83  9:43  Bunker  
  83  9:44  Marine x4  
  89  9:45  Bunker  
  89  9:48  Bunker x2  
  89  9:51  Bunker  
  89  9:54  Bunker  
  78  10:25  Marine x4  
  77  10:29  Orbital Command  
  77  10:34  Marine x4  
  75  10:43  Marine  
  75  10:44  Marine x3  
  73  10:51  Marine x2  
  73  10:52  Marine x2  
  68  11:00  Marine  
  68  11:02  Marine x3, SCV x3  
  73  11:09  Marine x3  
  73  11:10  Marine  
  75  11:14  Orbital Command  
  73  11:18  Marine  
  73  11:20  Marine x3  
  75  11:27  Marine x4  
  77  11:39  Marine x3  
  79  11:40  Marine  
  79  11:45  Marine x4  
  85  11:52  Barracks x2  
  85  11:53  Barracks  
  80  11:54  Barracks x2  
  80  11:55  Barracks  
  80  11:57  Marine  
  78  12:03  Marine x3  
  78  12:04  Marine  
  78  12:06  Bunker  
  81  12:08  Bunker  
  81  12:14  Marine x3  
  81  12:15  Marine  
  77  12:21  Marine x4  
  73  12:32  Marine x3  
  73  12:33  Marine  
  75  12:39  Marine x4  
  78  12:44  Supply Depot  
  78  12:45  Supply Depot  
  78  12:46  Supply Depot  
  78  12:50  Marine x4  
  75  12:57  Marine x4  
  72  13:07  Marine  
  72  13:08  Marine x3  
  73  13:14  Marine x2  
  73  13:15  Marine x2  
Tags
 
Add a new tag
Caveats
  • Supply blocks, unpowered buildings, or Contaminate may cause inaccurate times.
  • Supply counts are checked every 10 seconds.